 Dungeon Crawl Stone Soup version 0.22.1-2-g9c5b331383 (webtiles) character file.

264 Honti the Chopper (level 6, 0/37 HPs)
             Began as a Gargoyle Fighter on Dec 31, 2018.
             Was an Initiate of Okawaru.
             Killed by divine providence
             ... invoked by an orc priest
              (11 damage)
             ... on level 6 of the Dungeon.
             The game lasted 00:04:33 (2688 turns).

Honti the Chopper (Gargoyle Fighter)                Turns: 2688, Time: 00:04:33

Health: 0/37       AC: 11    Str: 20    XL:     6   Next: 19%
Magic:  6/6        EV:  7    Int:  8    God:    Okawaru [......]
Gold:   236        SH:  9    Dex: 11    Spells: 5/5 levels left

rFire    . . .     SeeInvis .   t - +5 whip
rCold    . . .     Gourm    .   c - +0 shield
rNeg     + . .     Faith    .   b - +0 scale mail
rPois    ∞         Spirit   .   (no helmet)
rElec    +         Reflect  .   (no cloak)
rCorr    .         Harm     .   (no gloves)
MR       .....                  (no boots)
Stlth    ..........             (no amulet)
HPRegen  0.12/turn              (no ring)
MPRegen  0.10/turn              (no ring)

@: no status effects
A: negative energy resistance 1, electricity resistance, unbreathing,
petrification resistance, rot immunity, AC +4
a: Renounce Religion


You were on level 6 of the Dungeon.
You worshipped Okawaru.
Okawaru was noncommittal.
You were not hungry.

You visited 1 branch of the dungeon, and saw 5 of its levels.

You collected 236 gold pieces.

Inventory:

Hand Weapons
 a - a +0 war axe
 t - a +5 whip (weapon)
Armour
 b - a +0 scale mail (worn)
 c - a +0 shield (worn)
Jewellery
 l - an uncursed ring of protection from fire {unknown}
 v - an uncursed ring of resist corrosion {unknown}
Wands
 x - a wand of paralysis (11)
Scrolls
 h - a scroll of fear {unknown}
 i - 4 scrolls of identify {unknown}
 k - a scroll of enchant armour {unknown}
 q - a scroll of immolation {unknown}
 r - 2 scrolls of teleportation {unknown}
 y - a scroll of remove curse {unknown}
Potions
 d - a potion of might
 e - 2 potions of agility {unknown}
 g - a potion of ambrosia {unknown}
 j - 3 potions of heal wounds {unknown}
 n - a potion of haste {unknown}
 o - a potion of brilliance {unknown}
 p - 2 potions of degeneration {unknown}
 s - 2 potions of berserk rage {unknown}
 u - a potion of curing {unknown}
 w - a potion of flight {unknown}
 z - a potion of cancellation {unknown}
Comestibles
 f - 9 rations
 m - 2 chunks of flesh


   Skills:
 - Level 3.2 Fighting
 * Level 5.8 Axes
 - Level 3.2 Armour
 - Level 3.2 Shields


You had 5 spell levels left.
You didn't know any spells.
Your spell library was empty.

Dungeon Overview and Level Annotations

Branches:
Dungeon (4/15)
 Temple: D:4-7

Altars:
Okawaru


Innate Abilities, Weirdness & Mutations

You are resistant to torment.
Your stone body is resilient. (AC +4)
You are immune to poison.
You resist negative energy. (rN+)
You are resistant to electric shocks. (rElec)
You can survive without breathing.
You are immune to petrification.
You are immune to rotting.


Message History

You block the bullfrog's attack.
You barely miss the bullfrog. The bullfrog closely misses you.
The bullfrog hits you. The bullfrog hits you.
You whack the bullfrog!
The bullfrog is heavily wounded.
You block the bullfrog's attack.
You completely miss the bullfrog.
The bullfrog is heavily wounded.
The bullfrog hits you but does no damage. x2
You hit the bullfrog.
The bullfrog is almost dead.
The bullfrog hits you but does no damage.
The bullfrog hits you.
* * * LOW HITPOINT WARNING * * *
You closely miss the orc priest.
The bullfrog hits you but does no damage.
The orc priest invokes the aid of Beogh against you.
Beogh smites you!
You die...

... #.# .. #.# #.
.##.# #. . #.#
.###.#. #.# ......
#.# #.#
#####..###@# #z#
.........Fo###.##
####...........#
#####..#######..#
#............#..#
.....#..#####.#..#
##.# #..# ##.#..#
# #..# ##)....#
#..# #.###..#


You could see a bullfrog and an orc priest.

Vanquished Creatures
  2 wights (D:6)
  A hound (D:6)
  A hound skeleton (D:4)
  A howler monkey skeleton (D:4)
  5 adders
  An ooze (D:2)
  An adder zombie (D:3)
  2 adder skeletons
  A worm (D:3)
  2 dart slugs
  5 leopard geckos
  An orc (D:4)
  9 bats
  4 giant cockroaches
  5 goblins
  3 hobgoblins
  A quokka (D:3)
  A ball python (D:4)
  2 frilled lizards (D:2)
  4 kobolds
  A leopard gecko skeleton (D:4)
  8 rats
61 creatures vanquished.

Notes
Turn   | Place    | Note
-------+----------+-------------------------------------------
     0 | D:1      | Honti the Gargoyle Fighter began the quest for the Orb.
     0 | D:1      | Reached XP level 1. HP: 14/14 MP: 1/1
   181 | D:1      | Reached skill level 2 in Axes
   465 | D:1      | Reached XP level 2. HP: 14/19 MP: 2/2
   833 | D:2      | Reached skill level 3 in Axes
   870 | D:2      | Reached XP level 3. HP: 23/23 MP: 3/3
  1624 | D:3      | Reached XP level 4. HP: 25/28 MP: 4/4
  1666 | D:3      | Reached skill level 4 in Axes
  2228 | D:4      | Reached XP level 5. HP: 28/32 MP: 5/5
  2449 | D:4      | Found an iron altar of Okawaru.
  2458 | D:4      | Became a worshipper of Warmaster Okawaru
  2640 | D:4      | You fall through a shaft for 2 floors!
  2649 | D:6      | Reached skill level 5 in Axes
  2665 | D:6      | Reached XP level 6. HP: 30/37 MP: 6/6
  2688 | D:6      | Killed from afar by an orc priest

Skill      XL: |  1  2  3  4  5 |
---------------+----------------+-----
Axes           | 2 3 4 5 |  5.8
Fighting       | |  3.2
Armour         | |  3.2
Shields        | |  3.2

Action                   |  1- 3 |  4- 6 || total
-------------------------+-------+-------++-------
Melee: War axe           |   116 |     9 ||   125
       Whip              |       |    96 ||    96
  Eat: Chunk             |     2 |     4 ||     6
Armor: Scale mail        |    98 |    49 ||   147
Dodge: Dodged            |    39 |    18 ||    57
Block: Shield            |    83 |    52 ||   135
